 Dungeon Crawl Stone Soup version 0.24-a0-584-g9d6b971 (webtiles) character file.

Game seed: 10454348136779642681, levelgen mode: deterministic

836 Dorkslayer the Sneak (level 7, -1/49 HPs)
             Began as an Octopode Fighter on Sept 6, 2019.
             Slain by a crimson imp (3 damage)
             ... on level 5 of the Dungeon.
             The game lasted 00:19:18 (3989 turns).

Dorkslayer the Sneak (Octopode Fighter)             Turns: 3989, Time: 00:19:18

Health: -1/49      AC:  1    Str: 17    XL:     7   Next: 99%
Magic:  9/9        EV: 12    Int: 10    God:
Gold:   204        SH:  9    Dex: 12    Spells: 6/6 levels left

rFire    . . .     SeeInvis .   a - +3 long sword
rCold    . . .     Gourm    .   b - +0 shield
rNeg     . . .     Faith    .   (helmet restricted)
rPois    .         Spirit   .   (no amulet)
rElec    .         Reflect  .   (no ring)
rCorr    .         Harm     .   (no ring)
MR       .....                  (no ring)
Stlth    ++++......             (no ring)
HPRegen  0.16/turn              (no ring)
MPRegen  0.11/turn              (no ring)
                                (no ring)
                                (no ring)

@: no status effects
A: almost no armour, stealthy swim, amphibious, 8 rings, constrict 8, camouflage
1, gelatinous body 1
a: no special abilities


You were on level 5 of the Dungeon.
You were not hungry.

You visited 1 branch of the dungeon, and saw 5 of its levels.

You collected 204 gold pieces.

Inventory:

Hand Weapons
 a - a +3 long sword (weapon)
 t - a +1 vampiric dagger
Missiles
 n - 3 boomerangs (quivered)
 q - 4 javelins
Armour
 b - a +0 shield (worn)
Wands
 p - a wand of digging (4)
 s - a wand of acid (3)
Scrolls
 f - a scroll of fear {unknown}
 k - a scroll of magic mapping {unknown}
 l - 2 scrolls of remove curse {unknown}
 m - 2 scrolls of teleportation
 u - a scroll of immolation {unknown}
 w - a scroll of enchant armour {unknown}
Potions
 e - a potion of flight
 h - 2 potions of cancellation
 j - a potion of berserk rage
 v - a potion of mutation {unknown}
Comestibles
 c - 5 chunks of flesh
 d - 12 rations


   Skills:
 * Level 4.5 Fighting
 + Level 4.0 Long Blades
 * Level 3.6 Throwing
 + Level 3.6 Dodging
 * Level 5.1 Stealth
 + Level 3.7 Shields
 + Level 0.4 Spellcasting
 * Level 3.1 Evocations


You had 6 spell levels left.
You didn't know any spells.
Your spell library was empty.

Dungeon Overview and Level Annotations

Branches:
Dungeon (5/15)
 Temple: D:4-7

Altars:
Fedhas
Makhleb


Innate Abilities, Weirdness & Mutations

You cannot wear most types of armour.
You are very stealthy in the water. (Stealth+)
You are amphibious.
You can wear up to eight rings at the same time.
You can use your tentacles to constrict eight enemies at once.
Your skin changes colour to match your surroundings (Stealth+).
Your rubbery body absorbs attacks. (AC +1, EV +1)


Message History

The ice beast hits you. The ice beast freezes you!
You closely miss the ice beast. Your squeeze misses the ice beast.
The ice beast is heavily wounded.
You block the ice beast's attack. The ice beast hits you.
* * * LOW HITPOINT WARNING * * *
The ice beast freezes you!
* * * LOW HITPOINT WARNING * * *
The crimson imp closely misses you.
You riposte.
Your shield prevents you from hitting the crimson imp.
Your grab misses the crimson imp. You barely miss the ice beast.
The ice beast is heavily wounded.
The crimson imp hits you but does no damage.
The ice beast barely misses you.
Okay, then.
Okay, then.
You hit the ice beast but do no damage. Your squeeze misses the ice beast.
The ice beast is heavily wounded.
You block the ice beast's attack. The crimson imp hits you.
You die...

#.......) ##........
#....#....
##...#.... ######
##..##....
###....###.........
##........#.........
#....##.............
###@Y.......#.##....
##5.......#.......
#........##......
#........##......
#.............#.
##.....#....###
###....#.....#
#............#
#.......#......


You could see an ice beast and a crimson imp.

Vanquished Creatures
  Edmund (D:5)
  2 phantoms (D:4)
  A centaur (D:5)
  A bullfrog skeleton (D:5)
  An orc wizard (D:4)
  3 hounds
  An orc priest (D:3)
  Jessica (D:3)
  Crazy Yiuf (D:4)
  2 worker ants
  Terence (D:2)
  8 adders
  An ooze (D:4)
  An adder skeleton (D:4)
  3 worms
  A dart slug (D:1)
  3 leopard geckos
  8 orcs
  2 ball pythons
  5 giant cockroaches
  9 goblins
  10 hobgoblins
  3 jackals (D:2)
  4 quokkas
  5 bats
  6 frilled lizards
  5 kobolds
  9 rats
98 creatures vanquished.

Notes
Turn   | Place    | Note
-------+----------+-------------------------------------------
     0 | D:1      | Dorkslayer the Octopode Fighter began the quest for the
                  | Orb.
     0 | D:1      | Reached XP level 1. HP: 16/16 MP: 1/1
   410 | D:1      | Reached XP level 2. HP: 20/21 MP: 2/2
   478 | D:1      | Reached skill level 1 in Stealth
   736 | D:1      | Reached XP level 3. HP: 26/26 MP: 3/3
  1347 | D:2      | Noticed Terence
  1351 | D:2      | Killed Terence
  1351 | D:2      | Reached skill level 2 in Stealth
  1351 | D:2      | Reached XP level 4. HP: 26/32 MP: 4/4
  1648 | D:2      | Found a burning altar of Makhleb.
  1657 | D:2      | Reached skill level 1 in Throwing
  1823 | D:3      | Found a blossoming altar of Fedhas.
  1830 | D:3      | Reached XP level 5. HP: 37/37 MP: 5/5
  1858 | D:3      | Reached skill level 3 in Stealth
  2077 | D:3      | Reached skill level 1 in Evocations
  2291 | D:3      | Noticed Jessica
  2302 | D:3      | Killed Jessica
  2302 | D:3      | Reached XP level 6. HP: 39/43 MP: 7/7
  2777 | D:4      | Reached skill level 4 in Stealth
  3099 | D:4      | Noticed a phantom
  3134 | D:4      | Killed a phantom
  3155 | D:4      | Noticed a phantom
  3188 | D:4      | Killed a phantom
  3188 | D:4      | Reached XP level 7. HP: 25/48 MP: 8/8
  3591 | D:4      | Found a runed translucent door.
  3592 | D:4      | Noticed Crazy Yiuf
  3600 | D:4      | Killed Crazy Yiuf
  3803 | D:5      | Entered Level 5 of the Dungeon
  3803 | D:5      | Noticed Edmund
  3816 | D:5      | Killed Edmund
  3816 | D:5      | Reached skill level 5 in Stealth
  3987 | D:5      | HP: 1/49 [ice beast (12)]
  3989 | D:5      | Slain by a crimson imp

Levels and vault maps discovered:
D:1:      dpeg_arrival_refuge, layout_loops_corners
D:2:      layout_loops_ring, makhleb_heckhound_becter, uniq_terence
D:3:      layout_loops_corners, lemuel_crystal_altar, grunt_ministairs_1,
          uniq_jessica
D:4:      layout_loops_corners, first_ration, uniq_crazy_yiuf_cottage
D:5:      layout_cave_pools, dancing_weapons_uskayaw, yredelemnul_altar_generic,
          minmay_temple_entry_mist, uniq_menkaure, uniq_edmund

Skill      XL: |  1  2  3  4  5  6  7 |
---------------+----------------------+-----
Stealth        | 1 2 3 4 5 |  5.1
Throwing       | 1 2 3 |  3.6
Evocations     | 1 2 3 |  3.1
Fighting       | 4 |  4.5
Long Blades    | 3 4 |  4.0
Dodging        | |  3.6
Shields        | |  3.7
Spellcasting   | |  0.4

Action                   |  1- 3 |  4- 6 |  7- 9 || total
-------------------------+-------+-------+-------++-------
Melee: Long sword        |    45 |   107 |    33 ||   185
       Constrict         |    13 |    25 |    10 ||    48
       Tentacles         |     8 |    24 |     9 ||    41
Throw: Boomerang         |     7 |    46 |     9 ||    62
Evoke: Wand              |       |     1 |     1 ||     2
  Use: Potion            |       |     2 |     4 ||     6
       Scroll            |       |     1 |     6 ||     7
 Stab: Sleeping          |     3 |    12 |     1 ||    16
       Distracted        |     1 |       |       ||     1
  Eat: Chunk             |     1 |     6 |     3 ||    10
Armor: Skin              |     2 |     3 |     1 ||     6
Dodge: Dodged            |    17 |    39 |     9 ||    65
Block: Shield            |    20 |    32 |    16 ||    68
       Rpst.: Long sword |     5 |    14 |     4 ||    23

Table legend:
 A = Non-vault XP
 B = Vault XP
 C = Vault XP percentage of total XP
 D = Non-vault monster count
 E = Vault monster count
 F = Vault count percentage of total count
                 A         B        C        D         E       F
            +---------+---------+-------+---------+---------+-------
      Total |     889 |     306 |  25.6 |      91 |       7 |   7.1
            +---------+---------+-------+---------+---------+-------
        D:1 |      34 |       0 |   0.0 |      21 |       0 |   0.0
        D:2 |      49 |      72 |  59.5 |      14 |       2 |  12.5
        D:3 |     130 |      40 |  23.5 |      29 |       3 |   9.4
        D:4 |     452 |      36 |   7.4 |      23 |       1 |   4.2
        D:5 |     224 |     158 |  41.4 |       4 |       1 |  20.0
            +---------+---------+-------+---------+---------+-------
